 Dungeon Crawl Stone Soup version 0.18-a0-1637-g109f206 (webtiles) character file.

98 Oddball22 the Insei (level 4, 35/35 HPs)
             Began as a Demonspawn Monk on Mar 26, 2016.
             Starved to death
             ... on level 3 of the Dungeon.
             The game lasted 00:02:09 (1813 turns).

Oddball22 the Insei (Demonspawn Monk)               Turns: 1813, Time: 00:02:10

Health: 35/35      AC:  2    Str: 12    XL:     4   Next: 43%
Magic:  13/13      EV: 17    Int: 11    God:
Gold:   64         SH:  0    Dex: 16    Spells: 0 memorised, 3 levels left

rFire  . . .     SeeInvis .       - Unarmed
rCold  + . .     Gourm    .     a - +0 robe
rNeg   . . .     Faith    .     (no shield)
rPois  .         Spirit   .     (helmet restricted)
rElec  .         Dismiss  .     (no cloak)
rCorr  .         Reflect  .     (no gloves)
SustAt .         Harm     .     (no boots)
MR     .....                    (no amulet)
Stlth  ++........               i - ring of magical power
                                h - +3 ring of evasion

@: fainting, not resistant to hostile enchantments, unstealthy
A: antennae 2, cold resistance 1
a: no special abilities


You were on level 3 of the Dungeon.
You were fainting.

You visited 1 branch of the dungeon, and saw 3 of its levels.

You collected 64 gold pieces.

Inventory:

Missiles
 g - 3 javelins (quivered)
Armour
 a - a +0 robe (worn)
Jewellery
 h - a +3 ring of evasion (left hand)
 i - a ring of magical power (right hand)
 r - an uncursed ring of ice {unknown}
Scrolls
 d - a scroll of identify {unknown}
 l - a scroll of remove curse {unknown}
 m - 2 scrolls of teleportation {unknown}
 o - a scroll of magic mapping {unknown}
 p - a scroll of enchant weapon {unknown}
Potions
 c - 2 potions of berserk rage {unknown}
 e - 2 potions of haste {unknown}
 f - 2 potions of heal wounds {unknown}
 j - a potion of lignification {unknown}
 k - a potion of invisibility {unknown}
 s - a potion of flight {unknown}
Comestibles
 b - 2 bread rations
 n - 4 fruits
 q - a meat ration


   Skills:
 + Level 3.5 Fighting
 + Level 3.4 Dodging
 - Level 1.7 Stealth
 * Level 4.6 Unarmed Combat


You had 3 spell levels left.
You didn't know any spells.

Dungeon Overview and Level Annotations

Branches:
Dungeon (3/15)

Altars:
Ashenzari


Innate Abilities, Weirdness & Mutations

You have a pair of antennae on your head.
Your flesh is cold resistant.


Message History

You're too hungry to rest.
You're too hungry to rest.
You're too hungry to rest.
You're too hungry to rest.
You're too hungry to rest.
You're too hungry to rest.
You're too hungry to rest.
You're too hungry to rest.
You're too hungry to rest.
You're too hungry to rest.
You're too hungry to rest.
You're too hungry to rest.
You're too hungry to rest.
You're too hungry to rest.
You're too hungry to rest.
You are fainting from starvation!
You lose consciousness!
You can move again.
You have starved to death.
You die...

#.........^.. #
+.........#.. .#
#.........# . ..# #
#.........# ... .##
#.....!...####^####..#
#....................#
#.....(.....###......#
#..........#).........
###..@.#+###)†........
#.##.# #.......... ...
#.# #.......... ###.
#.# #.......... ## #.#
########... .# #... ##
#.## #..# ##.#


There were no monsters in sight!

Vanquished Creatures
  Jessica (D:2)
  2 adders (D:2)
  A worm (D:2)
  3 dart slugs
  3 giant geckos (D:1)
  An orc (D:3)
  8 bats
  2 giant cockroaches
  4 goblins
  6 hobgoblins
  2 jackals (D:2)
  2 kobolds
  5 rats
40 creatures vanquished.

Notes
Turn   | Place    | Note
--------------------------------------------------------------
     0 | D:1      | Oddball22 the Demonspawn Monk began the quest for the Orb.
     0 | D:1      | Reached XP level 1. HP: 18/18 MP: 1/1
   147 | D:1      | Gained mutation: You have a pair of small antennae on your head. [demonic ancestry]
   147 | D:1      | Reached XP level 2. HP: 21/24 MP: 2/2
   641 | D:1      | Reached skill level 4 in Unarmed Combat
   678 | D:1      | Found a shattered altar of Ashenzari.
   933 | D:2      | Noticed Jessica
   947 | D:2      | Killed Jessica
   947 | D:2      | Gained mutation: Your flesh is cold resistant. [demonic ancestry]
   947 | D:2      | Reached XP level 3. HP: 29/29 MP: 3/3
  1017 | D:2      | Gained mutation: You have a pair of antennae on your head. [demonic ancestry]
  1017 | D:2      | Reached XP level 4. HP: 12/35 MP: 4/4
  1719 | D:3      | Paralysed by fainting for 12 turns
  1813 | D:3      | Starved to death

Vault maps used:
D:1:      moated_graveyard_arrival, hangedman_decor_clover_reticule,
          evilmike_ruin_ashenzari
D:2:      uniq_jessica
D:3:      first_bread, lemuel_tele_altar

Skill      XL: |  1  2 |
---------------+-------+-----
Dodging        | 3 |  3.4
Unarmed Combat | 4 |  4.6
Fighting       | |  3.5
Stealth        | |  1.7

Action                   |  1- 3 |  4- 6 || total
-------------------------+-------+-------++-------
Melee: Unarmed           |    99 |    73 ||   172
 Stab: Sleeping          |     2 |     1 ||     3
